Map: Turbo Cruise '84 LE

Players

MightyMicah

  • Race: Zerg Zerg
  • League: Diamond
  • Spawn Location: 3:00

DarwinAwdWnr - Winner!

  • Race: Zerg Zerg
  • League: Platinum
  • Spawn Location: 7:00

VOD

Have the link to the VOD?

Description

Time

  • Played on: June 24, 2019, 9:39 a.m.
  • Length: 8:51
Show
View Real Time Build Order
Export as new Build Order

MightyMicah Zerg 

Build Orders: Pool First 

Get SALT Encoding   

  12  0:01  Drone  
  13  0:12  Overlord  
  13  0:18  Drone  
  14  0:32  Drone x2  
  14  0:35  Drone  
  17  0:45  Spawning Pool  
  16  0:51  Extractor  
  16  0:52  Drone  
  16  0:56  Drone  
  17  1:22  Hatchery  
  16  1:32  Zergling x6  
  19  1:41  Queen  
  21  1:51  Overlord  
  21  1:58  Metabolic Boost  
  21  2:03  Drone  
  22  2:14  Drone  
  23  2:17  Queen  
  23  2:49  Zergling x6  
  23  2:50  Overlord, Drone  
  23  2:51  Drone x3  
  29  3:09  Spine Crawler  
  29  3:11  Baneling Nest  
  27  3:19  Drone  
  29  3:20  Drone x4  
  29  3:26  Extractor  
  31  3:32  Queen  
  31  3:49  Drone  
  31  3:50  Zergling x8  
  36  4:00  Baneling  
  36  4:02  Baneling  
  36  4:04  Zergling x8  
  40  4:24  Drone x2  
  41  4:25  Overlord, Drone  
  41  4:27  Baneling x2  
  41  4:28  Baneling x2  
  41  4:30  Overlord  
  40  4:53  Zergling x10  
  40  4:54  Zergling x8  
  44  5:07  Zergling x6  
  47  5:18  Roach Warren, Queen  
  43  5:49  Zergling x4  
  46  5:50  Zergling x4  
  46  5:51  Zergling x2  
  46  5:52  Zergling x12  
  52  6:08  Roach x4  
  57  6:24  Drone x2  
  59  6:27  Extractor  
  59  6:28  Extractor  
  57  6:33  Evolution Chamber  
  57  6:35  Evolution Chamber  
  57  6:37  Baneling  
  55  6:40  Baneling  
  55  6:42  Baneling  
  55  6:47  Drone x4  
  55  6:48  Overlord x2  
  59  7:27  Roach x4  
  59  7:28  Roach  
  69  7:41  Drone x2  
  69  7:42  Overlord x2, Drone x2  
  73  7:56  Ravager  
  73  7:58  Baneling x2  
  55  8:29  Zergling x6, Roach x2  
  55  8:30  Zergling x2, Drone x5  
Show
View Real Time Build Order
Export as new Build Order

DarwinAwdWnr Zerg - Winner!

Build Orders: Hatch First 

Get SALT Encoding   

  12  0:01  Drone  
  13  0:11  Drone  
  14  0:17  Overlord  
  14  0:36  Drone x2  
  16  0:50  Hatchery  
  15  1:01  Drone x3  
  18  1:07  Extractor  
  17  1:12  Drone  
  18  1:23  Spawning Pool  
  17  1:30  Drone  
  18  1:56  Drone  
  18  1:57  Drone x2  
  21  2:13  Zergling x6, Queen  
  21  2:15  Queen, Baneling Nest  
  28  2:18  Zergling x2  
  28  2:29  Overlord  
  26  2:49  Metabolic Boost  
  26  3:13  Baneling x2  
  26  3:17  Drone  
  26  3:18  Drone x5  
  32  3:28  Hatchery  
  28  3:58  Drone x6  
  34  4:02  Queen  
  36  4:12  Overlord x3  
  36  4:22  Extractor  
  35  4:24  Queen  
  35  4:25  Extractor  
  36  4:33  Zergling x14  
  45  4:42  Zergling x4  
  45  4:44  Zergling x2  
  46  4:49  Zergling x2  
  46  4:52  Zergling x2  
  41  4:53  Zergling x6  
  41  4:57  Zergling x4  
  42  5:03  Zergling x2  
  40  5:08  Zergling x8  
  40  5:13  Baneling  
  40  5:14  Baneling x4  
  44  5:15  Drone, Zergling x2  
  45  5:40  Zergling x16  
  51  5:52  Zergling x2  
  51  5:53  Zergling x12  
  55  6:06  Zergling x8  
  55  6:10  Zergling x4  
  50  6:26  Drone  
  50  6:27  Drone x5  
  50  6:30  Queen  
  58  6:40  Baneling x3  
  58  6:46  Extractor  
  57  6:47  Extractor  
  56  6:57  Drone x8  
  56  6:58  Drone  
  65  7:11  Roach Warren  
  64  7:15  Extractor  
  63  7:31  Zergling x4  
  63  7:33  Overlord x4  
  60  7:59  Roach x5  
  60  8:00  Roach x8  
  86  8:10  Roach x4  
  90  8:18  Roach  
  90  8:19  Roach x2  
  87  8:31  Zergling x2  
  87  8:32  Roach  
Tags
 
Add a new tag
Caveats
  • Supply blocks, unpowered buildings, or Contaminate may cause inaccurate times.
  • Supply counts are checked every 10 seconds.